 Dungeon Crawl Stone Soup version 0.24.0-28-g17ded55e90 (webtiles) character file.

Game seed: 11245773357188215654, levelgen mode: deterministic

2575 Delamore the Severer (level 9, -4/70 HPs)
             Began as a Hill Orc Fighter on Nov 13, 2019.
             Was an Initiate of Qazlal.
             Slain by a two-headed ogre
             ... wielding a +0 giant spiked club
              (31 damage)
             ... on level 8 of the Dungeon.
             The game lasted 00:10:45 (7296 turns).

Delamore the Severer (Hill Orc Fighter)             Turns: 7296, Time: 00:10:46

Health: -4/70      AC: 16    Str: 27    XL:     9   Next: 57%
Magic:  18/18      EV:  7    Int:  8    God:    Qazlal [......]
Gold:   311        SH:  0    Dex: 10    Spells: 8/8 levels left

rFire    . . .     SeeInvis .   m - +0 battleaxe
rCold    . . .     Gourm    .   (shield currently unavailable)
rNeg     + . .     Faith    .   e - +0 plate armour
rPois    .         Spirit   .   y - +0 helmet
rElec    .         Reflect  .   q - +0 cloak
rCorr    .         Harm     +   w - +2 pair of gloves
MR       .....                  (no boots)
Stlth    ..........             E - amulet of harm
HPRegen  0.21/turn              n - ring of positive energy
MPRegen  0.16/turn              J - ring of magical power

@: mighty, marked
A: no striking features
a: Renounce Religion


You were on level 8 of the Dungeon.
You worshipped Qazlal.
Qazlal was noncommittal.
You were not hungry.

You visited 2 branches of the dungeon, and saw 9 of its levels.

You collected 311 gold pieces.

Inventory:

Hand Weapons
 a - a +0 war axe
 m - a +0 battleaxe (weapon)
Missiles
 F - 2 throwing nets (quivered)
Armour
 b - a +0 scale mail
 c - a +0 shield
 e - a +0 plate armour (worn)
 q - a +0 cloak (worn)
 w - a +2 pair of gloves (worn)
 y - a +0 helmet (worn)
Jewellery
 n - a ring of positive energy (left hand)
 E - an amulet of harm (around neck)
 J - a ring of magical power (right hand)
Wands
 l - a wand of acid (7)
 x - a wand of flame (37)
 B - a wand of iceblast (5)
 G - a wand of digging (6)
Scrolls
 d - 2 scrolls of random uselessness {unknown}
 i - 4 scrolls of teleportation
 o - 2 scrolls of magic mapping {unknown}
 p - 2 scrolls of enchant weapon {unknown}
 r - a scroll of remove curse
 z - 2 scrolls of fear {unknown}
 A - a scroll of immolation {unknown}
 C - 2 scrolls of blinking {unknown}
 D - a scroll of fog {unknown}
 I - a scroll of noise {unknown}
Potions
 h - a potion of resistance {unknown}
 j - 2 potions of invisibility
 k - 3 potions of heal wounds
 s - a potion of curing {unknown}
 u - a potion of flight {unknown}
 v - a potion of brilliance {unknown}
 H - a potion of berserk rage {unknown}
 K - 2 potions of ambrosia {unknown}
Comestibles
 f - 15 rations


   Skills:
 - Level 3.6 Fighting
 + Level 15.6 Axes
 - Level 3.2 Armour
 - Level 3.2 Shields


You had 8 spell levels left.
You didn't know any spells.
Your spell library was empty.

Dungeon Overview and Level Annotations

Branches:
Dungeon (8/15)             Temple (1/1) D:5
   Lair: D:8-11

Altars:
Ashenzari
Cheibriados
Dithmenos
Fedhas
Gozag
Hepliaklqana
Kikubaaqudgha
Makhleb
Nemelex Xobeh
Okawaru
Qazlal
Ru
Trog
Vehumet
Wu Jian
Xom
Yredelemnul
The Shining One
Jiyva

Annotations:
D:8 Harold


Message History

You see here a throwing net.
You tear a large gash into the net.
The necrophage completely misses you.
You shred the net and break free! The necrophage barely misses you.
Harold gestures at you while chanting. A sentinel's mark forms upon you.
The two-headed ogre hits you with a +0 giant spiked club!
* * * LOW HITPOINT WARNING * * *
The two-headed ogre hits you with a +0 dire flail.
* * * LOW HITPOINT WARNING * * *
Remove which piece of jewellery? (? for menu, Esc to quit)
Okay, then.
Okay, then.
You feel much better.
The necrophage hits you but does no damage.
Harold casts a spell at you.
You barely resist.
You feel very mighty all of a sudden. The necrophage hits you.
The two-headed ogre hits you with a +0 giant spiked club!!
You die...

.# #h..†......
....#####.####.....
#.......# ...
....###.### .# . #
#.## ..# #..# #.#
##h###..#
#########nO...###
##.....#..@......#
##................#
#.........).......#
#.................#
.###...............###
......................
[###.........@........
#.......>.........?
##..÷..<.......#...


You could see Harold, a two-headed ogre, a necrophage and a hound.

Vanquished Creatures
  Joseph (D:7)
  2 hippogriffs
  A phantom (D:4)
  The ghost of Delamore the Chopper, an amateur HOMo (D:3)
  3 ogres (D:7)
  A necrophage (D:5)
  A centaur (D:6)
  Blork the orc (D:6)
  4 scorpions
  5 wights (D:6)
  A howler monkey (D:6)
  A centaur zombie (D:7)
  4 crimson imps
  An orc priest (D:5)
  Crazy Yiuf (D:2)
  2 bullfrog zombies (D:6)
  2 hounds
  Jessica (D:2)
  An iguana (D:5)
  2 orc wizards
  2 worker ants
  A hound skeleton (D:4)
  Robin (D:3)
  4 gnolls (D:3)
  8 adders
  2 oozes
  An adder skeleton (D:5)
  6 worms
  2 dart slugs
  5 leopard geckos
  11 orcs
  4 giant cockroaches
  21 goblins
  11 hobgoblins
  4 jackals (D:3)
  2 quokkas
  8 bats
  6 frilled lizards
  11 kobolds
  2 quokka skeletons
  6 rats
154 creatures vanquished.

Vanquished Creatures (others)
  A kobold (D:3)
  2 withered plants (D:3)
3 creatures vanquished.

Grand Total: 157 creatures vanquished

Notes
Turn   | Place    | Note
-------+----------+-------------------------------------------
     0 | D:1      | Delamore the Hill Orc Fighter began the quest for the Orb.
     0 | D:1      | Reached XP level 1. HP: 19/19 MP: 1/1
    65 | D:1      | Reached skill level 3 in Axes
   101 | D:1      | Reached XP level 2. HP: 3/26 MP: 2/2
   110 | D:1      | HP: 1/26 [bat (1)]
   285 | D:1      | Reached skill level 4 in Axes
   405 | D:1      | Reached XP level 3. HP: 28/31 MP: 3/3
   503 | D:1      | Found a glowing golden altar of the Shining One.
   803 | D:2      | Noticed Jessica
   809 | D:2      | Killed Jessica
   809 | D:2      | Reached skill level 5 in Axes
   809 | D:2      | Reached XP level 4. HP: 39/39 MP: 4/4
   819 | D:2      | Found a runed translucent door.
   820 | D:2      | Noticed Crazy Yiuf
   886 | D:2      | Found an ornate altar of the Wu Jian Council.
   897 | D:2      | Reached skill level 6 in Axes
  1427 | D:2      | Killed Crazy Yiuf
  1427 | D:2      | Reached XP level 5. HP: 23/45 MP: 5/5
  1682 | D:3      | Reached skill level 7 in Axes
  1757 | D:3      | Found a snail-covered altar of Cheibriados.
  1757 | D:3      | Found a basalt altar of Yredelemnul.
  1757 | D:3      | Found a shadowy altar of Dithmenos.
  2119 | D:3      | Found a runed translucent door.
  2119 | D:3      | Noticed Delamore's ghost (amateur HOMo)
  2249 | D:3      | Found a shattered altar of Ashenzari.
  2490 | D:3      | Reached skill level 8 in Axes
  2490 | D:3      | Reached XP level 6. HP: 50/51 MP: 6/6
  2693 | D:3      | Noticed Robin
  2701 | D:3      | Killed Robin
  3000 | D:3      | Found a radiant altar of Vehumet.
  3052 | D:3      | Killed Delamore's ghost
  3052 | D:3      | Reached skill level 9 in Axes
  3471 | D:4      | Reached XP level 7. HP: 56/57 MP: 7/7
  3514 | D:4      | Reached skill level 10 in Axes
  4180 | D:5      | Entered Level 5 of the Dungeon
  4500 | D:5      | Reached skill level 11 in Axes
  4695 | D:5      | Found a staircase to the Ecumenical Temple.
  4706 | Temple   | Entered the Ecumenical Temple
  4718 | Temple   | Became a worshipper of Qazlal Stormbringer
  4879 | D:5      | Found a burning altar of Makhleb.
  4879 | D:5      | Noticed a green death
  4882 | D:5      | Noticed an orange demon
  4882 | D:5      | Noticed a ynoxinul
  4972 | D:5      | Reached XP level 8. HP: 61/63 MP: 8/8
  5336 | D:6      | Reached skill level 12 in Axes
  5712 | D:6      | Reached skill level 13 in Axes
  5886 | D:6      | Noticed Blork the orc
  5900 | D:6      | Killed Blork the orc
  5910 | D:6      | Found a sacrificial altar of Ru.
  6310 | D:7      | Reached skill level 14 in Axes
  6310 | D:7      | Reached XP level 9. HP: 55/69 MP: 9/9
  6500 | D:7      | Noticed Joseph
  6514 | D:7      | Killed Joseph
  6514 | D:7      | Reached * piety under Qazlal
  6684 | D:7      | Reached skill level 15 in Axes
  7276 | D:8      | Noticed a two-headed ogre
  7292 | D:8      | Noticed Harold
  7296 | D:8      | Slain by a two-headed ogre

Levels and vault maps discovered:
D:1:      eino_arrival_water_star, layout_rooms, minmay_curled_crystal,
          tso_altar
D:2:      layout_basic, old_standard_altar, first_ration,
          uniq_crazy_yiuf_cottage, uniq_jessica
D:3:      kennysheep_the_goblin_king, layout_loops_corners, ashenzari_altar_1,
          chequers_temple_overflow_statue_of_worship, fiery_altar_vehumet,
          gammafunk_ghost_grave, uniq_robin
D:4:      layout_layer_cave, grunt_ministairs_2, st_stairs_3,
          chequers_decorated_corner
D:5:      layout_basic, tgw_sif, minmay_temple_entry_gardened_gates,
          makhleb_altar_promises_db
D:6:      layout_cave_pools, hangedman_ru_absence, uniq_blork_the_orc
D:7:      layout_cave_pods, grunt_ogre_cave, hangedman_abyss_or_decor_stagger,
          uniq_joseph
D:8:      layout_rooms, dancing_weapons_uskayaw, uniq_erica, uniq_harold
Temple:   pf_slime_end_temple

Skill      XL: |  1  2  3  4  5  6  7  8  9 |
---------------+----------------------------+-----
Axes           | 3 4 5 6 8 9 11 14 15 | 15.6
Fighting       | |  3.6
Armour         | |  3.2
Shields        | |  3.2

Action                   |  1- 3 |  4- 6 |  7- 9 || total
-------------------------+-------+-------+-------++-------
Melee: War axe           |    96 |    47 |       ||   143
       Battleaxe         |       |   195 |   222 ||   417
Throw: Throwing net      |       |       |     1 ||     1
  Use: Potion            |     1 |       |     2 ||     3
       Scroll            |       |       |     4 ||     4
 Stab: Held in net/web   |       |       |     1 ||     1
  Eat: Chunk             |       |     7 |    11 ||    18
       Ration            |       |       |     1 ||     1
Armor: Plate armour      |    85 |   211 |   168 ||   464
       Scale mail        |     2 |       |       ||     2
Dodge: Dodged            |    14 |    81 |    76 ||   171
Block: Shield            |    70 |    16 |       ||    86
